 Dungeon Crawl Stone Soup version 0.31-a0-750-gfe7b580527 (webtiles) character file.

Game seed: 3674782937146631138

9 Dirtsage the Chopper (level 2, 18/24 HPs)
             Began as a Demonspawn Berserker on Sept 14, 2023.
             Was a Follower of Trog.
             Quit the game on level 1 of the Dungeon.
             The game lasted 00:00:40 (328 turns).

Dirtsage the Chopper (Demonspawn Berserker)          Turns: 328, Time: 00:00:41

Health: 18/24      AC:  2    Str: 17    XL:     2   Next: 3%
Magic:  2/2        EV: 12    Int:  8    God:    Trog [*.....]
Gold:   56         SH:  0    Dex: 12    Spells: 1/1 levels left

rFire   . . .        a - +0 hand axe
rCold   . . .        (no shield)
rNeg    . . .        b - +0 animal skin
rPois   .            (no helmet)
rElec   .            (no cloak)
rCorr   .            (no gloves)
SInv    .            (no boots)
Will    .....        c - amulet of faith
Stlth   +            (no ring)
HPRegen 0.24/turn    (no ring)
MPRegen 0.08/turn

%: faith
@: no status effects
A: demonic magic 1
a: Renounce Religion, Berserk


You were on level 1 of the Dungeon.
You worshipped Trog.
Trog was aware of your devotion.
You visited 1 branch of the dungeon, and saw 1 of its levels.

You collected 56 gold pieces.

Inventory:

Hand Weapons
 a - a +0 hand axe (weapon)
Armour
 b - a +0 animal skin (worn)
Jewellery
 c - an amulet of faith (around neck)
 e - an amulet of magic regeneration
Scrolls
 g - a scroll of silence {unknown}
 h - a scroll of teleportation {unknown}
Potions
 d - a potion of curing {unknown}
 f - 2 potions of ambrosia {unknown}


   Skills:
 - Level 3.0 Fighting
 + Level 3.2 Axes
 - Level 1.7 Armour
 - Level 1.7 Dodging


You had one spell level left.
You didn't know any spells.
Your spell library was empty.

Dungeon Overview and Level Annotations

Branches:
Dungeon (1/15)

Altars:


Innate Abilities, Weirdness & Mutations

Spells you cast may paralyse adjacent enemies.


Message History

You barely miss the hobgoblin.
The hobgoblin is almost dead.
The hobgoblin completely misses you. The hobgoblin barely misses you.
You hit the hobgoblin.
You kill the hobgoblin!
Trog accepts your kill.
No target in view!
No target in view!
You see here a hobgoblin corpse.
Found an escape hatch in the floor.
A giant cockroach comes into view.
A giant cockroach is nearby!
You see here a scroll labelled ODYPSA SOKKE.
You closely miss the giant cockroach. The giant cockroach bites you.
You take 1 damage, and have 17/18 hp.
You closely miss the giant cockroach. The giant cockroach closely misses you.
The giant cockroach bites you.
You take 1 damage, and have 16/18 hp.
You hit the giant cockroach.
You kill the giant cockroach!
Trog accepts your kill.
No target in view!
No target in view!
h - a scroll labelled ODYPSA SOKKE Health restored: 18 A goblin comes into view.
It is wielding a +0 dagger.
A goblin is nearby!
The goblin hits you with a +0 dagger.
You take 4 damage, and have 14/18 hp.
MASSIVE DAMAGE!!
You closely miss the goblin. The goblin hits you with a +0 dagger.
You take 1 damage, and have 13/18 hp.
You hit the goblin.
You kill the goblin!
Trog accepts your kill.
You have reached level 2!
Your demonic ancestry asserts itself...
A menacing aura infuses your magic.
You regained 5 hp, and now have 18/24 hp.
MP restored: 2 Are you sure you want to abandon this character and quit the game? (Confirm with "yes".)

#........##.#.##..####
#........##.#.##..#...
#........##.#.#...####
#####........##.#....#####
#............##.###.###...
#...............# ###..###
#.$?....###.....# ##.### #
#.......###....# #.## #
#......†.@.....# #.# #
#......#..)......##.#####
########.........#.##≈g.##
#>........#.#§§..##
#.$.......#.#≈§..##
#.........#.'≈g..+8
#.........#.#§...#+
#?........#.#≈≈..## #.#
≈..##


There were no monsters in sight!

Vanquished Creatures
  A ball python (D:1)
  A bat (D:1)
  2 giant cockroaches (D:1)
  A hobgoblin (D:1)
  2 goblins (D:1)
7 creatures vanquished.

Notes
Turn   | Place    | Note
-------+----------+-------------------------------------------
     0 | D:1      | Dirtsage the Demonspawn Berserker began the quest for the
                  | Orb.
     0 | D:1      | Reached XP level 1. HP: 18/18 MP: 1/1
   328 | D:1      | Gained mutation: Spells you cast may paralyse adjacent
                  | enemies. [demonic ancestry]
   328 | D:1      | Reached XP level 2. HP: 18/24 MP: 2/2
   328 | D:1      | Quit the game

Illustrated notes

Levels and vault maps discovered:
D:1:      dpeg_arrival_morbid_curiosity, layout_basic

Skill      XL: |  1 |
---------------+----+-----
Axes           | 3 |  3.2
Fighting       | |  3.0
Armour         | |  1.7
Dodging        | |  1.7

Action                     || total
---------------------------++-------
  Melee: Hand axe          ||    20
 Armour: Animal skin       ||    12
  Dodge: Dodged            ||    19

Table legend: (Time is in decaauts)
 A = Elapsed time spent in this place.
 B = Non-inter-level travel time spent in this place.
 C = Inter-level travel time spent in this place.
 D = Time resting spent in this place.
 E = Time spent auto-exploring this place.
 F = Levels seen in this place.
 G = Mean time per level.
                   A        B        C        D        E       F      G
               +--------+--------+--------+--------+--------+-----+--------+
         Total |    331 |    331 |      0 |      0 |    259 |   1 |  331.0 |
       Dungeon |    331 |    331 |      0 |      0 |    259 |   1 |  331.0 |
               +--------+--------+--------+--------+--------+-----+--------+

Top non-repeatable levels by time:
     D:1: 331 daAuts
